AoeStats
← Mr. Penis

Arena

507945385Analyzed
4v4 RM · 11d ago on Sep 20, 2026· 47m 38s· 8 players
Game mode
Random Map
Map size
Large (8 player)
Population
200
Speed
Normal
Resources
Standard
Victory
Conquest
Starting age
Dark Age
Ending age
Imperial Age
RankedLock teamsTeams togetherTeam positionsShared explorationLock speedFull tech treeHidden civsTurbo modeCheats
Victory
Defeat
🇮🇳 Chinese · India
1437
+11
🇩🇪 Khmer · Germany
1289
+16
🇹🇷 Turks · Türkiye
1237
+19
🇸🇪 Dravidians · Sweden
1211
+19
🇨🇳 Poles · China
1333
-18
🇨🇳 Vietnamese · China
1320
-17
🇺🇸 Japanese · United States
1273
-15
🇷🇺 Jurchens · Russia
1271
-15
Szorinx
9:39 Feudal Age
15:30 Castle Age
13:39 Horse Collar
16:08 Double-Bit Axe
20:08 Loom
21:00 Wheelbarrow
20:48 Bow Saw
23:32 Heavy Plow
23:51 Hand Cart
27:24 Scale Barding Armor
27:29 Forging
28:23 Light Cavalry
29:13 Bloodlines
32:15 Imperial Age
29:52 Husbandry
30:16 Chain Barding Armor
30:03 Gold Mining
31:08 Iron Casting
32:29 Ballistics
32:20 Masonry
32:35 Elite Ballista Elephant
35:08 Double Crossbow
35:28 Conscription
36:21 Gold Shaft Mining
35:37 Stone Mining
36:30 Plate Barding Armor
36:56 Blast Furnace
37:05 Chemistry
38:39 Crop Rotation
39:08 Hussar
43:18 Siege Engineers
Jesus_was_black
0:32 Loom
11:10 Feudal Age
15:15 Castle Age
13:46 Horse Collar
18:34 Fletching
20:03 Bodkin Arrow
22:31 Ballistics
23:11 Gold Mining
24:03 Elite Skirmisher
24:46 Padded Archer Armor
24:54 Double-Bit Axe
28:48 Bow Saw
32:29 Imperial Age
31:11 Leather Archer Armor
31:14 Pikeman
31:57 Scale Mail Armor
32:07 Forging
31:59 Squires
33:01 Chain Mail Armor
32:42 Halberdier
35:41 Two-Man Saw
35:18 Conscription
36:57 Wheelbarrow
37:26 Bracer
37:57 Ring Archer Armor
38:29 Chemistry
38:13 Hand Cart
40:44 Wootz Steel
42:00 Siege Elephant
44:53 Stone Mining
Nghtly
8:45 Loom
10:32 Feudal Age
16:19 Castle Age
15:46 Double-Bit Axe
15:43 Horse Collar
15:57 Gold Mining
15:57 Stone Mining
44:31 Imperial Age
43:53 Wheelbarrow
43:03 Town Watch
44:22 Fletching
44:32 Padded Archer Armor
45:38 Conscription
45:18 Elite Janissary
47:34 Gold Shaft Mining
47:11 Bodkin Arrow
47:31 Leather Archer Armor
snek_fan
10:04 Feudal Age
14:04 Castle Age
12:29 Horse Collar
16:08 Double-Bit Axe
20:37 Stone Mining
21:41 Wheelbarrow
24:08 Loom
28:37 Imperial Age
26:48 Gold Mining
28:05 Bow Saw
27:57 Heavy Plow
28:08 Fletching
28:44 Town Watch
29:07 Bodkin Arrow
29:41 Ballistics
30:22 Chemistry
30:11 Hand Cart
30:03 Bracer
30:46 Masonry
32:41 Murder Holes
33:24 Padded Archer Armor
34:47 Gold Shaft Mining
34:34 Thumb Ring
35:27 Leather Archer Armor
35:58 Elite Chu Ko Nu
37:30 Ring Archer Armor
39:37 Capped Ram
40:44 Siege Ram
Hero Unit
11:45 Feudal Age
12:07 Horse Collar
18:08 Castle Age
16:53 Stone Mining
19:40 Wheelbarrow
19:29 Double-Bit Axe
19:46 Heavy Plow
21:50 Bow Saw
24:40 Hand Cart
24:51 Scale Mail Armor
30:46 Imperial Age
28:04 Loom
28:27 Gold Mining
29:39 Squires
29:25 Arson
29:00 Pikeman
30:40 Forging
30:45 Chain Mail Armor
30:24 Fletching
30:26 Guard Tower
31:21 Gold Shaft Mining
31:49 Yasama
31:33 Halberdier
32:39 Ballistics
33:09 Kataparuto
33:34 Bodkin Arrow
34:15 Keep
33:50 Treadmill Crane
34:30 Bracer
35:01 Plate Mail Armor
35:07 Iron Casting
35:48 Two-Man Saw
34:42 Arrowslits
36:32 Siege Engineers
37:28 Chemistry
37:13 Murder Holes
37:28 Masonry
36:44 Capped Ram
39:56 Blast Furnace
38:56 Padded Archer Armor
39:37 Heavy Scorpion
41:24 Conscription
40:26 Heavy Scorpion
47:14 Fortified Wall
47:19 Onager
Mr. Penis
11:16 Feudal Age
14:57 Castle Age
13:45 Double-Bit Axe
13:47 Horse Collar
16:26 Bow Saw
17:21 Loom
18:13 Wheelbarrow
19:40 Fervor
22:44 Gold Mining
27:05 Pikeman
27:45 Squires
29:38 Scale Mail Armor
29:49 Forging
30:57 Hand Cart
30:27 Town Watch
31:44 Gold Shaft Mining
31:00 Stone Mining
33:13 Heavy Plow
33:49 Stone Shaft Mining
33:33 Chain Mail Armor
33:54 Iron Casting
33:52 Coinage
33:23 Caravan
36:37 Imperial Age
34:07 Town Patrol
35:15 Treadmill Crane
35:46 Masonry
35:35 Gambesons
35:49 Fletching
36:42 Elite Fire Lancer
38:30 Blast Furnace
37:25 Bodkin Arrow
38:36 Two-Man Saw
38:09 Crop Rotation
38:19 Conscription
38:36 Hoardings
38:50 Architecture
39:22 Chemistry
38:07 Arrowslits
38:19 Murder Holes
39:50 Arson
40:23 Halberdier
41:49 Fortified Bastions
42:30 Scale Barding Armor
42:26 Bracer
42:40 Bloodlines
42:31 Husbandry
42:17 Elite Steppe Lancer
43:44 Chain Barding Armor
Dd
10:40 Feudal Age
12:12 Loom
16:02 Castle Age
14:22 Double-Bit Axe
17:31 Horse Collar
24:24 Scale Mail Armor
29:28 Gold Mining
35:48 Wheelbarrow
35:18 Heavy Plow
41:42 Imperial Age
39:54 Bow Saw
40:05 Szlachta Privileges
41:28 Bloodlines
42:38 Hand Cart
43:06 Conscription
44:22 Cavalier
46:14 Scale Barding Armor
46:50 Forging
46:57 Forging
47:56 Chain Barding Armor
闲置村民
10:53 Feudal Age
14:54 Castle Age
13:38 Double-Bit Axe
14:56 Horse Collar
21:00 Wheelbarrow
21:37 Bow Saw
22:14 Heavy Plow
22:29 Gold Mining
23:04 Stone Mining
24:19 Stone Shaft Mining
24:49 Hand Cart
27:23 Padded Archer Armor
27:13 Fletching
30:09 Imperial Age
27:30 Loom
27:31 Town Watch
30:11 Chatras
30:43 Leather Archer Armor
30:24 Bodkin Arrow
30:29 Elite Battle Elephant
31:10 Husbandry
31:44 Scale Barding Armor
32:14 Bracer
32:44 Forging
Connection lost

Rejoining the realm…

Still unreachable

The connection could not be restored.

Session expired

The server has moved on; the page needs a fresh start.